 Dungeon Crawl Stone Soup version 0.21.3-3-g218456f21e (webtiles) character file.

9 CurlyBrace the Sneak (level 2, 11/11 HPs)
             Began as a Felid Earth Elementalist on Mar 9, 2021.
             Quit the game on level 1 of the Dungeon.
             The game lasted 00:01:04 (71 turns).

CurlyBrace the Sneak (Felid Earth Elementalist)       Turns: 71, Time: 00:01:05

Health: 11/11      AC:  1    Str:  4    XL:     2   Next: 3%
Magic:  3/6        EV: 18    Int: 16    God:
Gold:   6          SH:  0    Dex: 16    Spells: 4/5 levels left
                                        Lives:  0   Deaths: 0

rFire    . . .     SeeInvis +   (weapon unavailable)
rCold    . . .     Gourm    .   (shield unavailable)
rNeg     . . .     Faith    .   (armour unavailable)
rPois    .         Spirit   .   (helmet unavailable)
rElec    .         Reflect  .   (cloak unavailable)
rCorr    .         Harm     .   (gloves unavailable)
MR       .....                  (boots unavailable)
Stlth    +++.......             a - amulet of rage
HPRegen  0.03/turn              (no ring)
MPRegen  0.10/turn              (no ring)

@: quick
A: very small, no armour, no weapons or thrown items, stealth, claws 1, fangs 3,
see invisible, carnivore, speed 1, shaggy fur 1, slow metabolism 1, sharp paws
a: Evoke Berserk Rage


You were on level 1 of the Dungeon.
You were not hungry.

You visited 1 branch of the dungeon, and saw 1 of its levels.

You collected 6 gold pieces.

Inventory:

Missiles
 b - 51 stones
Jewellery
 a - an amulet of rage (around neck)
   (You found it on level 1 of the Dungeon)
Books
 d - a book of Geomancy

   Spells                             Type                      Level
   a - Sandblast                      Earth                        1
   b - Passwall                       Transmutation/Earth          2
   c - Stone Arrow                    Conjuration/Earth            3
   d - Petrify                        Transmutation/Earth          4
   e - Lee's Rapid Deconstruction     Earth                        5
Comestibles
 e - a ration


   Skills:
 + Level 0.0 Fighting
 - Level 3.0 Dodging
 - Level 3.0 Stealth
 + Level 0.0 Unarmed Combat
 - Level 2.0 Spellcasting
   Level 1.1 Transmutations
 - Level 3.0 Earth Magic


You had 4 spell levels left.
You knew the following spells:

 Your Spells              Type           Power        Failure   Level  Hunger
a - Sandblast             Erth           ##....       6%          1    #......


Dungeon Overview and Level Annotations

Branches:
Dungeon (1/15)

Altars:


Innate Abilities, Weirdness & Mutations

You cannot wear armour.
You are incapable of wielding weapons or throwing items.
Your paws allow you to move quietly. (Stealth)
You have sharp claws.
You have razor-sharp teeth.
You have supernaturally acute eyesight. (SInv)
You are carnivorous and can eat meat at any time.
You cover ground quickly.
You are covered in fur. (AC +1)
You have a slow metabolism.
Your sharp claws are effective at attacking unaware monsters.


Message History

The blast of sand hits the frilled lizard.
You kill the frilled lizard!
Training target 3.0 for Dodging reached!
Your Dodging skill increases to level 3!
You need to enable at least one skill for training.
You have reached level 2!
b - 52 stones
Found a ration.
Found a stone staircase leading down.
The rat twitches its whiskers.
Casting: Sandblast
Confirm with . or Enter, or press ? or * to list all spells.
Aiming: Sandblast
Press: ? - help, Shift-Dir - straight line, f - rat
Aim: a rat The blast of sand hits the rat.
You kill the rat!
b - 51 stones Unknown command.
You see here a frilled lizard corpse.
Are you sure you want to abandon this character and quit the game? (Confirm with "yes".)

#.####.##...
#..##.....#
#.........#
#..#.#.#..####
#.............
#..#.#.#..####
#......†.....##..
#..#.#.#.......#
#........@..>#.#
#.####.......# #.
#.......# #
#......%..
#.......#.#
######.## # .# .#


There were no monsters in sight!

Vanquished Creatures
  An ooze (D:1)
  A goblin (D:1)
  A frilled lizard (D:1)
  A kobold (D:1)
  2 rats (D:1)
6 creatures vanquished.

Notes
Turn   | Place    | Note
-------+----------+-------------------------------------------
     0 | D:1      | CurlyBrace the Felid Earth Elementalist began the quest for the Orb.
     0 | D:1      | Reached XP level 1. HP: 7/7 MP: 4/4
    64 | D:1      | Reached XP level 2. HP: 11/11 MP: 3/6
    71 | D:1      | Quit the game

Skill      XL: |  1 |
---------------+----+-----
Stealth        | 3 |  3.0
Earth Magic    | 3 |  3.0
Dodging        | 3 |  3.0
Spellcasting   | |  2.0
Transmutations | |  1.1

Action                   || total
-------------------------++-------
Melee: Unarmed           ||     4
 Cast: Sandblast         ||     6
 Stab: Sleeping          ||     1
Dodge: Dodged            ||     3
